 Dungeon Crawl Stone Soup version 0.31.0-12-g77e489cdc1 (webtiles) character file.

Game seed: 2201299637191054332

6254 H0rd4k the Grappler (level 10, -1/66 (69) HPs)
             Began as an Octopode Artificer on Mar 4, 2024.
             Was an Initiate of Gozag.
             Shot with an arrow by a centaur warrior (14 damage)
             ... on level 9 of the Dungeon on Mar 5, 2024.
             The game lasted 00:14:45 (10574 turns).

H0rd4k the Grappler (Octopode Artificer)           Turns: 10574, Time: 00:14:46

HP:   -1/66 (69)    AC:  2    Str: 13    XL:     10   Next: 93%
MP:   10/10         EV: 13    Int: 17    God:    Gozag
Gold: 811           SH:  5    Dex: 12    Spells: 9/9 levels left

rFire   + . .        g - +5 dagger (venom)
rCold   x . .        (no shield)
rNeg    . . .        p - +1 hat
rPois   +            v - amulet of reflection
rElec   .            s - ring of fire
rCorr   .            t - ring of flight
SInv    .            (no ring)
Will    .....        (no ring)
Stlth   +++          (no ring)
HPRegen 0.31/turn    (no ring)
MPRegen 0.12/turn    (no ring)
                     (no ring)

%: reflection
@: flying, lightly drained
A: almost no armour, amphibious, 8 rings, camouflage 1, gelatinous body 1,
(nimble swimmer 1), tentacles, poison resistance, screaming 1, inability to
drink after injury 1
a: Renounce Religion, Potion Petition, Call Merchant, Bribe Branch


You were on level 9 of the Dungeon.
You worshipped Gozag.
Gozag was pleased with you.
You visited 2 branches of the dungeon, and saw 10 of its levels.

You collected 933 gold pieces.
You paid 122 gold pieces to Gozag.

Inventory:

Hand Weapons
 g - a +5 dagger of venom (weapon)
Missiles
 d - 2 throwing nets
 u - 7 poisoned darts
 w - a curare-tipped dart
Armour
 p - a +1 hat (worn)
 x - an orb of mayhem
Jewellery
 q - an amulet of faith
 s - a ring of fire (left tentacle)
 t - a ring of flight (right tentacle)
 v - an amulet of reflection (around mantle)
Wands
 b - a wand of flame (39) (quivered)
 c - a wand of charming (6)
 f - a wand of mindburst (5)
 i - a wand of paralysis (1)
 k - a wand of quicksilver (3)
 y - a wand of iceblast (10)
Scrolls
 a - a scroll of poison
 j - a scroll of immolation
 l - 2 scrolls of blinking
 r - 2 scrolls of amnesia
Potions
 e - a potion of brilliance
 h - a potion of resistance {unknown}
 m - a potion of degeneration {unknown}
 n - a potion of mutation
 o - 2 potions of lignification
 z - 2 potions of haste {unknown}
 B - a potion of curing


   Skills:
 + Level 6.5 Fighting
 * Level 5.3 Short Blades
 - Level 2.3 Dodging
 - Level 1.3 Stealth
 + Level 2.0 Shields
 + Level 13.3 Unarmed Combat
 - Level 3.2 Evocations


You had 9 spell levels left.
You didn't know any spells.
Your spell library contained the following spells:

 Spells                   Type           Power      Damage    Failure   Level
 Magic Dart               Conj           0%         1d3       24%         1
 Searing Ray              Conj           0%         2d4       34%         2
 Passwall                 Erth           0%         N/A       56%         3
 Fulminant Prism          Conj/Alch      0%         3d5       93%         4
 Curse of Agony           Necr           0%         N/A       100%        5
 Animate Armour           Summ/Erth      Unusable   N/A       N/A         4

Dungeon Overview and Level Annotations

Branches:
Dungeon (9/15)             Temple (1/1) D:7
   Lair: D:8-11         Orc: D:9-12

Altars:
Ashenzari
Cheibriados
Dithmenos
Elyvilon
Fedhas
Gozag
Hepliaklqana
Kikubaaqudgha
Makhleb
Nemelex Xobeh
Okawaru
Qazlal
Ru
Sif Muna
Trog
Uskayaw
Vehumet
Wu Jian
Xom
Zin
The Shining One

Shops:
D:4 (

Annotations:
D:7 exclusions: steam dragon and 1 more exclusion
D:8 exclusion: downstairs


Innate Abilities, Weirdness & Mutations

You cannot wear most types of armour.
You are amphibious.
You can wear up to eight rings at the same time.
Your skin changes colour to match your surroundings (Stealth+).
Your rubbery body absorbs attacks. (AC +1, EV +1)
((You are camouflaged when in or above water. (Stealth+)))
You have tentacles for arms and can constrict up to eight enemies at once.
Your system is resistant to poisons. (rPois)
You occasionally shout uncontrollably at your foes.
You occasionally lose the ability to drink potions when taking damage.


Message History

You see here a +0 spear.
You now have 811 gold pieces (gained 6).
You see here a +0 whip.
An orc comes into view. It is wielding a +2 dagger of draining.
The orc hits you with a +2 dagger of draining.
You feel drained.
You closely miss the orc. You grab the orc.
You constrict the orc, but do no damage.
The orc hits you with a +2 dagger of draining.
You feel drained.
You hit the orc.
The orc is poisoned.
You squeeze the orc, but do no damage.
The orc is moderately wounded.
You constrict the orc. The orc closely misses you.
The orc warrior shouts!
You hit the orc but do no damage.
The orc looks as sick as possible!
You squeeze the orc.
The orc is severely wounded.
You constrict the orc.
You hear a shout!
You kill the orc!
There is an escape hatch in the ceiling here.
The orc warrior is distracted by your dazzling golden aura.
A mysterious force pulls you upwards. The hatch slams shut behind you.
Level annotation: exclusion: downstairs HP restored.
Done exploring.
There is a stone staircase leading down here.
You fly downwards.
There is a stone staircase leading up, spattered with blood here.
A centaur warrior is nearby!
Okay, then.
As you read the scroll labelled YCE JESCHUROCO, it crumbles to dust.
Your body is wracked with pain!
The centaur warrior convulses!
The centaur warrior shouts!
It was a scroll of torment.
The centaur warrior wields a +0 orcbow.
The centaur warrior shoots an arrow.
The arrow hits you!!
* * * LOW HITPOINT WARNING * * *
The centaur warrior shoots an arrow.
The arrow hits you!
You die...
Your body crumbles into a pile of gold.

#.. #..# #.#.##
.# ##..#.##
..###......#
...........###
..........#..##
........[[....##
........c[....@##
............)...#
.............####
..............#.#
..........#....##
...........##.##
....###....#.##
...# ##..### ...#
#...#


You could see a centaur warrior.

Vanquished Creatures
  A two-headed ogre (D:9)
  Maurice (D:8)
  An elephant (D:9)
  Joseph (D:7)
  Jeremiah (D:7)
  A komodo dragon (D:9)
  A hornet (D:8)
  5 yaks (D:8)
  2 steam dragons
  An ice beast (D:5)
  4 black bears
  2 orc warriors
  An ogre (D:6)
  A centaur (D:5)
  3 phantoms
  A kobold brigand (D:6)
  3 bullfrogs
  A scorpion (D:6)
  A gnoll sergeant (D:9)
  6 wights (D:8)
  3 killer bees
  2 howler monkeys (D:8)
  A bombardier beetle (D:6)
  A gnoll bouda (D:5)
  4 orc priests
  2 hounds (D:4)
  4 sleepcaps
  Jessica (D:2)
  2 iguanas
  7 orc wizards
  Robin (D:4)
  12 gnolls
  9 adders
  2 shadow imps
  4 ufetubi
  3 dart slugs
  2 ribbon worms
  26 orcs
  8 bats
  5 endoplasms
  6 giant cockroaches
  12 goblins
  9 hobgoblins
  6 jackals
  13 kobolds
  2 quokkas
  10 ball pythons
  9 frilled lizards
  4 rats
208 creatures vanquished.

Vanquished Creatures (collateral kills)
  A kobold brigand (D:6)
  A bullfrog (D:8)
  2 orc priests
  A ribbon worm (D:3)
  4 orcs (D:8)
  A goblin (D:4)
  5 kobolds (D:6)
15 creatures vanquished.

Vanquished Creatures (others)
  A sky beast (D:6)
  3 orc wizards
  2 orcs
  A rat (D:2)
7 creatures vanquished.

Grand Total: 230 creatures vanquished

Notes
Turn   | Place    | Note
-------+----------+-------------------------------------------
     0 | D:1      | H0rd4k the Octopode Artificer began the quest for the Orb.
     0 | D:1      | Reached XP level 1. HP: 13/13 MP: 1/1
   162 | D:1      | Reached skill level 1 in Unarmed Combat
   206 | D:1      | Reached XP level 2. HP: 18/18 MP: 2/2
   265 | D:1      | Reached skill level 2 in Unarmed Combat
   375 | D:1      | Reached XP level 3. HP: 23/23 MP: 3/3
   624 | D:1      | You fall into a shaft and drop 1 floor!
  1139 | D:2      | Reached skill level 3 in Unarmed Combat
  1177 | D:2      | Identified the +1 robe of Pan-Flutes {rF+ Will+ rCorr
                  | Dex+3}
  1180 | D:2      | Reached XP level 4. HP: 29/29 MP: 4/4
  1247 | D:2      | Noticed Jessica
  1263 | D:2      | Killed Jessica
  1317 | D:2      | Reached skill level 4 in Unarmed Combat
  1317 | D:2      | Reached XP level 5. HP: 7/34 MP: 5/5
  2186 | D:3      | HP: 1/34 [poisoned by an adder]
  2367 | D:3      | Found an iron altar of Okawaru.
  2367 | D:3      | Found a shimmering altar of Xom.
  2874 | D:4      | Noticed Robin
  2886 | D:4      | Killed Robin
  2915 | D:4      | Got the Papyrus of Bedrock and Open Graves
  2959 | D:4      | Reached skill level 5 in Unarmed Combat
  2959 | D:4      | Reached XP level 6. HP: 36/40 MP: 6/6
  3473 | D:4      | Noticed a black bear
  3478 | D:4      | Killed a black bear
  3479 | D:4      | Reached skill level 6 in Unarmed Combat
  3479 | D:4      | Reached XP level 7. HP: 45/45 MP: 7/7
  3479 | D:4      | Found Bemeo's Weapon Boutique.
  3590 | D:4      | Gained mutation: Your system is resistant to poisons.
                  | (rPois) [potion of mutation]
  3590 | D:4      | Gained mutation: You occasionally shout uncontrollably at
                  | your foes. [potion of mutation]
  3590 | D:4      | Gained mutation: You occasionally lose the ability to drink
                  | potions when taking damage. [potion of mutation]
  4156 | D:5      | Entered Level 5 of the Dungeon
  4273 | D:5      | Reached skill level 7 in Unarmed Combat
  4649 | D:5      | Reached skill level 8 in Unarmed Combat
  4649 | D:5      | Reached XP level 8. HP: 52/52 MP: 8/8
  4798 | D:5      | Found a blossoming altar of Fedhas.
  6031 | D:6      | Reached skill level 9 in Unarmed Combat
  6621 | D:6      | Reached skill level 10 in Unarmed Combat
  6802 | D:6      | Reached XP level 9. HP: 58/59 MP: 9/9
  6970 | D:7      | Noticed Jeremiah
  6974 | D:7      | Killed Jeremiah
  7005 | D:7      | Found a shimmering blue altar of Sif Muna.
  7127 | D:7      | Found a staircase to the Ecumenical Temple.
  7129 | D:7      | Noticed Joseph
  7134 | D:7      | Killed Joseph
  7135 | D:7      | Reached skill level 5 in Fighting
  7135 | D:7      | Reached skill level 11 in Unarmed Combat
  7140 | Temple   | Entered the Ecumenical Temple
  7214 | Temple   | Became a worshipper of Gozag Ym Sagoz the Greedy
  7479 | D:8      | Noticed Maurice
  7492 | D:8      | Killed Maurice
  7733 | D:8      | Reached skill level 12 in Unarmed Combat
  7751 | D:8      | Noticed a hornet
  7816 | D:8      | Killed a hornet
  8383 | D:8      | Reached XP level 10. HP: 68/68 MP: 10/10
  8524 | D:9      | Reached skill level 1 in Short Blades
  8733 | D:8      | Reached skill level 1 in Shields
  8979 | D:9      | Noticed a centaur warrior
  9151 | D:8      | Reached skill level 13 in Unarmed Combat
  9530 | D:9      | Noticed a two-headed ogre
  9540 | D:9      | Killed a two-headed ogre
  9850 | D:9      | Noticed an elephant
 10195 | D:9      | Killed an elephant
 10327 | D:9      | Reached skill level 5 in Short Blades
 10574 | D:9      | Shot with an arrow by a centaur warrior

Illustrated notes

Levels and vault maps discovered:
D:1:      dpeg_arrival_circle_labyrinth_c, layout_basic, serial_bayou_crossing
D:2:      layout_basic, uniq_jessica
D:3:      layout_basic, mainiacjoe_overflow_divided_tiny
D:4:      layout_basic, serial_shops, nicolae_shop_tiny_glass,
          chequers_serial_rivers_micro_b, kennysheep_diamond, st_stairs_1,
          hex_intersection, uniq_robin
D:5:      layout_basic, mainiacjoe_overflow_cross_hatched, corexii_corridor_pit,
          nicolae_figureground_sparkle
D:6:      layout_cave_pods
D:7:      layout_cave_pools, nicolae_sif_muna_little_library,
          minmay_temple_entry_mist, nicolae_concentric_dashed_squares_mild,
          kennysheep_generic_room_7, uniq_jeremiah, uniq_joseph
D:8:      layout_loops_ring, uniq_maurice
D:9:      layout_big_octagon, lemuel_coloured_pillars_altar,
          grunt_lair_entry_orc_guard_hut, hiddenorc1_lemuel
Temple:   nicolae_temple_bog_church

Skill      XL: |  1  2  3  4  5  6  7  8  9 10 |
---------------+-------------------------------+-----
Unarmed Combat | 1 2 3 4 5 6 8 10 12 13 | 13.3
Fighting       | 2 3 4 5 6 |  6.5
Short Blades   | 5 |  5.3
Shields        | 2 |  2.0
Dodging        | |  2.3
Stealth        | |  1.3
Evocations     | |  3.2

Action                     |  1- 3 |  4- 6 |  7- 9 | 10-12 || total
---------------------------+-------+-------+-------+-------++-------
  Melee: Unarmed           |    83 |   109 |   166 |       ||   358
         Tentacles         |    24 |    21 |    47 |    44 ||   136
         Constrict         |    19 |    35 |    41 |    25 ||   120
         Punch             |     2 |     4 |    13 |    15 ||    34
         Dagger            |       |       |       |   138 ||   138
  Evoke: Wand              |       |    21 |    41 |    13 ||    75
    Use: Potion            |       |       |     4 |       ||     4
         Scroll            |       |       |     7 |     4 ||    11
   Stab: Sleeping          |     9 |     4 |     1 |       ||    14
         Distracted        |     1 |       |       |       ||     1
         Paralysed         |       |       |       |     8 ||     8
 Armour: Skin              |    33 |    50 |   104 |    88 ||   275
  Dodge: Dodged            |    47 |    54 |    98 |    87 ||   286
  Block: Other             |       |       |     2 |    23 ||    25
         Reflection        |       |       |     1 |     1 ||     2
